Map: Backwater LE

Players

Infamous - Winner!

  • Race: Protoss Protoss
  • League: Silver
  • Spawn Location: 11:00

MongmanMark

  • Race: Zerg Zerg
  • League: Silver
  • Spawn Location: 5:00

VOD

Have the link to the VOD?

Description

Time

  • Played on: March 19, 2018, 10:54 a.m.
  • Length: 8:28
Show
View Real Time Build Order
Export as new Build Order

Infamous Protoss - Winner!

Build Orders:  

Get SALT Encoding   

  12  0:01  Probe  
  13  0:13  Probe  
  14  0:27  Pylon, Probe  
  15  0:45  Probe  
  15  0:46  Gateway  
  16  0:55  Pylon  
  16  1:09  Probe  
  17  1:14  Assimilator  
  17  1:19  Gateway  
  17  1:25  Probe  
  18  1:40  Probe, Cybernetics Core, Zealot (Chrono Boost)  
  21  1:52  Probe  
  22  1:56  Pylon  
  22  2:04  Probe  
  23  2:17  Probe  
  23  2:19  Warp Gate (Chrono Boost), Assimilator  
  24  2:29  Adept (Chrono Boost)  
  28  2:38  Adept (Chrono Boost)  
  28  2:39  Probe  
  29  2:53  Probe, Pylon  
  30  3:05  Probe  
  31  3:10  Pylon  
  31  3:20  Nexus  
  31  3:25  Sentry (Chrono Boost)  
  35  3:27  Stalker (Chrono Boost)  
  35  3:29  Probe  
  36  3:36  Gateway  
  36  3:43  Probe  
  37  3:50  Robotics Facility  
  37  4:17  Forge  
  37  4:19  Probe  
  38  4:24  Twilight Council  
  38  4:37  Gateway  
  38  4:40  Gateway  
  38  4:42  Probe (Chrono Boost)  
  38  4:44  Protoss Ground Weapons Level 1  
  40  4:48  Probe (Chrono Boost)  
  41  4:53  Observer  
  41  5:00  Charge (Chrono Boost)  
  41  5:03  Probe  
  41  5:04  Probe  
  43  5:17  Probe  
  43  5:18  Probe  
  43  5:21  Stalker x3  
  51  5:44  Immortal  
  51  5:47  Sentry  
  51  5:49  Zealot  
  59  5:52  Assimilator  
  59  5:53  Probe x2  
  59  5:56  Assimilator  
  61  6:06  Pylon  
  61  6:12  Pylon  
  61  6:19  Probe x2  
  63  6:26  Immortal (Chrono Boost)  
  67  6:34  Forge  
  67  6:40  Stalker x3  
  67  6:41  Zealot x2  
  77  6:57  Templar Archives  
  77  7:02  Pylon  
  77  7:05  Immortal, Pylon  
  81  7:27  Probe  
  81  7:28  Probe  
  83  7:38  Stalker  
  83  7:39  Stalker x4  
  93  7:54  Probe  
  93  7:55  Probe  
  95  8:05  Shield Battery  
  95  8:07  Photon Cannon  
  95  8:10  Photon Cannon  
Show
View Real Time Build Order
Export as new Build Order

MongmanMark Zerg 

Build Orders: Hatch First 

Get SALT Encoding   

  12  0:01  Drone  
  14  0:14  Drone  
  14  0:17  Overlord  
  14  0:36  Drone x3  
  17  0:56  Drone, Hatchery  
  17  1:03  Extractor  
  16  1:06  Drone  
  17  1:17  Spawning Pool  
  16  1:25  Drone x2  
  18  1:40  Extractor  
  18  1:41  Drone x2  
  19  2:05  Zergling x4  
  19  2:08  Metabolic Boost  
  21  2:13  Drone  
  22  2:17  Drone  
  23  2:26  Drone, Queen  
  23  2:28  Extractor, Queen  
  27  2:32  Overlord  
  27  2:41  Drone  
  28  2:48  Overlord x2  
  28  3:16  Drone x2  
  30  3:23  Drone x3  
  33  3:27  Drone  
  33  3:33  Lair, Roach Warren  
  33  3:46  Drone x2  
  35  4:07  Pneumatized Carapace  
  35  4:17  Drone  
  35  4:19  Roach x2  
  40  4:38  Drone, Hydralisk Den  
  40  4:46  Drone  
  41  4:53  Spore Crawler  
  41  4:55  Spore Crawler x2  
  41  4:58  Spine Crawler  
  41  4:59  Drone  
  38  5:01  Drone  
  38  5:02  Drone x5  
  38  5:03  Overlord  
  38  5:04  Overlord  
  44  5:25  Evolution Chamber  
  44  5:27  Evolution Chamber  
  42  5:29  Drone x2  
  42  5:30  Drone  
  45  5:39  Hatchery  
  44  5:54  Zerg Melee Weapons Level 1  
  44  5:55  Zerg Ground Armor Level 1  
  44  5:57  Spine Crawler  
  44  6:02  Drone x2, Spine Crawler  
  44  6:19  Drone x3  
  44  6:20  Spore Crawler  
  44  6:22  Drone x2  
  48  6:40  Hydralisk x4  
  56  6:53  Drone  
  57  7:06  Extractor  
  56  7:14  Drone x3  
  59  7:16  Drone  
  59  7:21  Drone x4  
  64  7:27  Drone x2  
  66  7:30  Overlord x4  
  66  7:56  Spore Crawler, Overseer  
Tags
 
Add a new tag
Caveats
  • Supply blocks, unpowered buildings, or Contaminate may cause inaccurate times.
  • Supply counts are checked every 10 seconds.